 Dungeon Crawl Stone Soup version 0.17-a0-1738-g82cdc46 (webtiles) character file.

105 Engledude530 the Ducker (level 4, -6/40 HPs)
             Began as a Draconian Berserker on Aug 28, 2015.
             Was a Believer of Trog.
             Killed from afar by an orc wizard (9 damage)
             ... with a magic dart
             ... on level 3 of the Dungeon on Aug 30, 2015.
             The game lasted 00:14:58 (1819 turns).

Engledude530 the Ducker (Draconian Berserker)       Turns: 1819, Time: 00:14:58

Health: -6/40      AC: 10    Str: 19 (20) XL:     4   Next: 54%
Magic:  2/4        EV: 13    Int:  8      God:    Trog [**....]
Gold:   85         SH:  0    Dex: 10      Spells: 0 memorised, 3 levels left

rFire  . . .     SeeInvis .     j - +2 flail (protect)
rCold  . . .     Clarity  .     (armour unavailable)
rNeg   . . .     SustAt   .     (no shield)
rPois  .         Gourm    .     (helmet restricted)
rElec  .         Spirit   .     (no cloak)
rCorr  .         Warding  .     (no gloves)
rMut   .         Stasis   .     (no boots)
MR     .....                    (no amulet)
Stlth  +.........               (no ring)
                                (no ring)

@: not resistant to hostile enchantments, very unstealthy
A: unfitting armour, cold-blooded, AC +5
a: Burn Spellbooks, Berserk, Trog's Hand, Renounce Religion


You were on level 3 of the Dungeon.
You worshipped Trog.
Trog was pleased with you.
You were very hungry.

You visited 1 branch of the dungeon, and saw 3 of its levels.

You collected 85 gold pieces.

Inventory:

Hand weapons
 a - a +0 falchion
 c - a +0 spear
 f - a +0 short sword
 j - a +2 flail of protection (weapon)
 k - a +0 whip
Missiles
 d - 75 stones (quivered)
 e - 40 arrows
 i - 15 bolts
Armour
 g - a +1 leather armour
 h - a +0 robe
 m - a +0 ring mail
 n - a +0 helmet
 r - a +0 robe
Jewellery
 s - a cursed ring of teleportation
Scrolls
 l - 2 scrolls of noise
 o - a scroll of amnesia {unknown}
Comestibles
 b - 2 bread rations


   Skills:
 + Level 3.7 Fighting
 + Level 3.8 Long Blades
 + Level 4.0 Dodging
 + Level 0.2 Stealth


You had 3 spell levels left.
You didn't know any spells.

Dungeon Overview and Level Annotations

Branches:
Dungeon (3/15)

Altars:
Trog


Innate Abilities, Weirdness & Mutations

Your plain brown scales are hard (AC +5).
Your body does not fit into most forms of armour.
You are cold-blooded and may be slowed by cold attacks.


Message History

The orc wizard hits you with an antimagic dagger.
* * * LOW HITPOINT WARNING * * *
The orc wizard gestures wildly while chanting.
The orc wizard blinks!
An orc and an orc priest come into view.
The orc shouts!
You see here a brown potion.
The orc priest shouts!
The orc wizard mumbles some strange words.
The orc wizard blinks!
All of the chunks of flesh in your inventory have rotted away.
You are feeling very hungry.
The orc wizard casts a spell at you. The magic dart hits you!
* * * LOW HITPOINT WARNING * * *
An orc wizard comes into view. It is wielding a dagger.
The orc hits you but does no damage.
The orc wizard points at you and mumbles some strange words.
The magic dart hits you!
You die...

####.....#.......
...........####.#
#####....###
#.#.#######
#.#........
#o#..######
##.#!.#####
#.####...o.....#
#...@oo#..###o#
#.##....#..#
#....##### #....#
♣PP.P♣ ♣..P♣♣
♣♣.♣♣ .♣


You could see an orc priest, an orc wizard and 2 orcs.

Vanquished Creatures
  Terence (D:3)
  4 adders
  An ooze (D:2)
  A worm (D:3)
  3 orcs (D:3)
  5 bats
  A giant cockroach (D:1)
  A hobgoblin (D:3)
  7 kobolds
  A giant gecko (D:1)
  4 giant newts
  A goblin (D:3)
  4 jackals
  5 rats
39 creatures vanquished.

Notes
Turn   | Place    | Note
--------------------------------------------------------------
     0 | D:1      | Engledude530 the Draconian Berserker began the quest for the Orb.
     0 | D:1      | Reached XP level 1. HP: 19/19 MP: 1/1
   239 | D:1      | Reached XP level 2. HP: 20/26 MP: 2/2
   507 | D:1      | Upgraded the game from 0.17-a0-1720-gde3053d to 0.17-a0-1731-g129c023
   607 | D:1      | Upgraded the game from 0.17-a0-1731-g129c023 to 0.17-a0-1738-g82cdc46
   937 | D:2      | Reached XP level 3. HP: 20/31 MP: 3/3
  1048 | D:2      | Acquired Trog's second power
  1231 | D:2      | Found a bloodstained altar of Trog.
  1311 | D:3      | Noticed Terence
  1327 | D:3      | Killed Terence
  1327 | D:3      | Reached XP level 4. HP: 9/40 MP: 4/4
  1609 | D:3      | Found a faded altar to an unknown god.
  1626 | D:3      | Reached skill level 4 in Dodging
  1819 | D:3      | Killed from afar by an orc wizard

Vault maps used:
D:1:      dpeg_arrival_tiny_f, minmay_bisected
D:2:      nicolae_overflow_hidden_temple
D:3:      first_bread, ecumenical_altar_2, kennysheep_decorative_pillar,
          uniq_crazy_yiuf_cottage, uniq_terence, uniq_jessica, uniq_iyjb

Action                   |  1- 3 |  4- 6 || total
-------------------------+-------+-------++-------
Melee: Falchion          |   102 |       ||   102
       Flail             |       |    27 ||    27
  Use: Potion            |     2 |       ||     2
       Scroll            |     6 |     3 ||     9
  Eat: Chunk             |       |     2 ||     2
